 Dungeon Crawl Stone Soup version 0.23.2-1-ga50397a (webtiles) character file.

Game seed: 5177595858544070408

99 Kairos the Skirmisher (level 5, -7/42 HPs)
             Began as a Formicid Abyssal Knight on Apr 17, 2019.
             Was a Believer of Lugonu.
             Killed by divine providence
             ... invoked by an orc priest
              (17 damage)
             ... on level 3 of the Dungeon.
             The game lasted 00:04:10 (1893 turns).

Kairos the Skirmisher (Formicid Abyssal Knight)     Turns: 1893, Time: 00:04:10

Health: -7/42      AC: 12    Str: 17    XL:     5   Next: 2%
Magic:  6/6        EV:  7    Int: 12    God:    Lugonu [**....]
Gold:   52         SH:  0    Dex: 10    Spells: 4/4 levels left

rFire    . . .     SeeInvis +   a - +2 spear
rCold    . . .     Gourm    .   (no shield)
rNeg     . . .     Faith    .   d - +0 shadow dragon scales
rPois    .         Spirit   .   (helmet unavailable)
rElec    .         Reflect  .   (no cloak)
rCorr    .         Harm     .   e - +0 pair of gloves
MR       .....                  (no boots)
Stlth    +++.......             (no amulet)
HPRegen  0.14/turn              (no ring)
MPRegen  0.10/turn              (no ring)

@: no status effects
A: permanent stasis, dig shafts and tunnels, four strong arms, antennae 3
a: Dig, Shaft Self, Depart the Abyss, Bend Space, Renounce Religion


You were on level 3 of the Dungeon.
You worshipped Lugonu.
Lugonu was pleased with you.
You were not hungry.

You visited 1 branch of the dungeon, and saw 3 of its levels.
You visited the Abyss 1 time.

You collected 52 gold pieces.

Inventory:

Hand Weapons
 a - a +2 spear (weapon)
Armour
 b - a +0 leather armour
 d - +0 shadow dragon scales (worn)
 e - a +0 pair of gloves (worn)
Wands
 l - a wand of random effects (22)
Scrolls
 f - 3 scrolls of remove curse
 g - a scroll of amnesia
 j - a scroll of enchant weapon
 k - a scroll of teleportation {unknown}
Potions
 h - a potion of curing {unknown}
 i - a potion of degeneration {unknown}
Comestibles
 c - a ration


   Skills:
 + Level 4.2 Fighting
 + Level 2.7 Polearms
 + Level 2.5 Armour
 + Level 0.8 Dodging
 + Level 3.1 Stealth
 + Level 2.4 Invocations


You had 4 spell levels left.
You didn't know any spells.
Your spell library was empty.

Dungeon Overview and Level Annotations

Branches:
Dungeon (3/15)

Altars:


Innate Abilities, Weirdness & Mutations

You cannot be hasted, slowed, berserked, paralysed or teleported.
You can dig through walls and to a lower floor.
Your four strong arms can wield two-handed weapons with a shield.
You have a pair of large antennae on your head. (SInv)


Message History

You are too injured to fight recklessly!
You are too injured to fight recklessly!
You are too injured to fight recklessly!
You are too injured to fight recklessly!
You are too injured to fight recklessly!
You are too injured to fight recklessly!
You are too injured to fight recklessly!
You are too injured to fight recklessly!
You hit the orc priest.
The orc priest is almost dead.
The orc priest hits you.
* * * LOW HITPOINT WARNING * * *
You closely miss the orc priest.
The orc priest is almost dead.
The orc priest hits you but does no damage.
You closely miss the orc priest.
The orc priest is almost dead.
The orc priest calls down the wrath of Beogh upon you.
Beogh smites you!
You die...

. ...
....o######
...Kooo@..# .
....o####.# #.
... #.##########
#. #
#.....)....# #.
##########.####.
#...##.
##.###.#. #.#
##.. #<# #..


You could see an orc priest, 4 orcs and a kobold.

Vanquished Creatures
  4 adders
  An ooze (D:1)
  2 worms (D:2)
  2 dart slugs (D:1)
  2 giant cockroaches
  4 goblins
  8 hobgoblins
  3 jackals (D:2)
  4 kobolds
  A quokka (D:2)
  6 bats
  6 frilled lizards
  8 rats
51 creatures vanquished.

Notes
Turn   | Place    | Note
-------+----------+-------------------------------------------
     0 | Abyss:1  | Kairos the Formicid Abyssal Knight began the quest for the
                  | Orb.
     0 | Abyss:1  | Reached XP level 1. HP: 18/18 MP: 2/2
   119 | Abyss:1  | Noticed a red very ugly thing
   187 | Abyss:1  | Noticed a quasit
   204 | Abyss:1  | Noticed a wretched star
   206 | Abyss:1  | Noticed a blizzard demon
   217 | Abyss:1  | Noticed an apocalypse crab
   282 | Abyss:1  | Noticed a small abomination
   291 | D:1      | Escaped the Abyss
   400 | D:1      | Reached XP level 2. HP: 25/25 MP: 3/3
   564 | D:1      | Reached skill level 1 in Stealth
   665 | D:1      | Reached * piety under Lugonu
   708 | D:1      | Reached skill level 4 in Fighting
   708 | D:1      | Reached XP level 3. HP: 30/30 MP: 4/4
  1023 | D:2      | Found a faded altar of an unknown god.
  1073 | D:2      | Reached XP level 4. HP: 36/37 MP: 5/5
  1471 | D:2      | Reached ** piety under Lugonu
  1860 | D:3      | Reached XP level 5. HP: 39/42 MP: 6/6
  1893 | D:3      | Killed from afar by an orc priest

Skill      XL: |  1  2  3  4 |
---------------+-------------+-----
Stealth        | 1 2 3 |  3.1
Fighting       | 4 |  4.2
Polearms       | |  2.7
Armour         | |  2.5
Dodging        | |  0.8
Invocations    | |  2.4

Action                   |  1- 3 |  4- 6 || total
-------------------------+-------+-------++-------
Melee: Spear             |   123 |    89 ||   212
Invok: Depart the Abyss  |     1 |       ||     1
 Abil: Dig               |    20 |       ||    20
  Use: Scroll            |     3 |       ||     3
 Stab: Sleeping          |    10 |     6 ||    16
  Eat: Chunk             |     1 |     3 ||     4
Armor: Shadow dragon sca |    59 |    42 ||   101
Dodge: Dodged            |    33 |    16 ||    49
